 Dungeon Crawl Stone Soup version 0.26.1-11-gd32895ea62 (webtiles) character file.

Game seed: 8007952113072634109

16 jlumianski the Caller (level 2, -1/11 HPs)
             Began as a Felid Summoner on May 19, 2021.
             Killed from afar by Natasha (12 damage)
             ... with a magic dart
             ... on level 2 of the Dungeon.
             The game lasted 00:04:02 (1372 turns).

jlumianski the Caller (Felid Summoner)              Turns: 1372, Time: 00:04:02

Health: -1/11      AC:  1    Str:  4    XL:     2   Next: 37%
Magic:  6/6        EV: 18    Int: 16    God:
Gold:   57         SH:  0    Dex: 16    Spells: 2/5 levels left
                                        Lives:  0   Deaths: 0

rFire    . . .     SeeInvis +   (weapon unavailable)
rCold    . . .     Faith    .   (shield unavailable)
rNeg     . . .     Spirit   .   (armour unavailable)
rPois    .         Reflect  .   (helmet unavailable)
rElec    .         Harm     .   (cloak unavailable)
rCorr    .         Rampage  .   (gloves unavailable)
Will     .....                  (boots unavailable)
Stlth    +++.......             (no amulet)
HPRegen  0.03/turn              (no ring)
MPRegen  0.10/turn              (no ring)

@: quick
A: very small, no armour, no weapons or thrown items, stealth, claws 1, fangs 3,
see invisible, speed 1, shaggy fur 1, sharp paws
a: no special abilities


You were on level 2 of the Dungeon.
You visited 1 branch of the dungeon, and saw 2 of its levels.

You collected 57 gold pieces.

Inventory:

Jewellery
 c - a cursed amulet of inaccuracy
Scrolls
 a - 2 scrolls of teleportation
Potions
 b - a potion of curing {unknown}
 d - a potion of heal wounds {unknown}


   Skills:
 + Level 2.8 Dodging
 + Level 2.8 Stealth
 + Level 2.4 Spellcasting
 + Level 4.3 Summonings


You had 2 spell levels left.
You knew the following spells:

 Your Spells              Type           Power        Failure   Level
a - Summon Small Mammal   Summ           60%          3%          1
b - Call Imp              Summ           15%          5%          2

Your spell library contained the following spells:

 Spells                   Type           Power        Failure   Level
 Call Canine Familiar     Summ           15%          11%         3
 Summon Guardian Golem    Hex/Summ       8%           24%         3
 Summon Ice Beast         Ice/Summ       8%           63%         4
 Summon Lightning Spire   Summ/Air       8%           63%         4


Dungeon Overview and Level Annotations

Branches:
Dungeon (2/15)

Altars:

Annotations:
D:2 Natasha


Innate Abilities, Weirdness & Mutations

You cannot wear armour.
You are incapable of wielding weapons or throwing items.
Your paws allow you to move quietly. (Stealth)
You have sharp claws.
You have razor-sharp teeth.
You have supernaturally acute eyesight. (SInv)
You cover ground quickly.
You are covered in fur. (AC +1)
Your sharp claws are effective at attacking unaware monsters.


Message History

Your crimson imp barely misses the rat.
Casting: Summon Small Mammal (safe; 3% risk of failure)
Confirm with . or Enter, or press ? or * to list all spells.
The rat closely misses your crimson imp.
Your crimson imp hits the rat.
The rat dies!
Casting: Summon Small Mammal (safe; 3% risk of failure)
Confirm with . or Enter, or press ? or * to list all spells.
Your crimson imp blinks!
Your crimson imp disappears in a puff of smoke!
You open the door.
There is an open door here.
You swap places.
Natasha, Servant of Life and Death comes into view.
Natasha hisses angrily.
Your quokka disappears in a puff of smoke!
Natasha casts a spell at you. The magic dart hits you!
Ouch! That really hurt!
You die...

#....).#### #...
#.#.###.........####...
##.#..........>.........
.......................#
.........>.......#####.#
...............†........
..............#........#
...........#'##.##...#..
.......@b.§..#.....#.#..
........##.#########.#<.
.........#.# ).......#..
.........#.# #######.#..
............ ###..
.....h...### ...
.........# ##..
..........


You could see Natasha and a friendly bat (summoned).

Vanquished Creatures (collateral kills)
  2 oozes (D:1)
  A giant cockroach (D:1)
  A goblin (D:1)
  5 hobgoblins
  5 bats
  A frilled lizard (D:1)
  3 rats
18 creatures vanquished.

Notes
Turn   | Place    | Note
-------+----------+-------------------------------------------
     0 | D:1      | jlumianski the Felid Summoner began the quest for the Orb.
     0 | D:1      | Reached XP level 1. HP: 7/7 MP: 4/4
   460 | D:1      | Reached XP level 2. HP: 11/11 MP: 1/6
   463 | D:1      | Learned a level 2 spell: Call Imp
  1371 | D:2      | Noticed Natasha
  1372 | D:2      | Killed from afar by Natasha

Illustrated notes

Levels and vault maps discovered:
D:1:      lordsloth_arrival_two_stooges, layout_basic
D:2:      layout_basic, uniq_crazy_yiuf_cottage, uniq_natasha

Action                   || total
-------------------------++-------
 Cast: Summon Small Mamm ||    47
       Call Imp          ||     5
  Use: Scroll            ||     4
Dodge: Dodged            ||     6
